AoeStats
← Iluvatar

Arena

509911587Analyzed
4v4 RM · 2d ago on Sep 28, 2026· 48m 42s· 8 players
Game mode
Random Map
Map size
Large (8 player)
Population
200
Speed
Normal
Resources
Standard
Victory
Conquest
Starting age
Dark Age
Ending age
Imperial Age
RankedLock teamsTeams togetherTeam positionsShared explorationLock speedFull tech treeHidden civsTurbo modeCheats
Victory
Defeat
🇬🇧 Franks · United Kingdom
905
+13
🇨🇳 Varangians · China
877
+15
🇮🇳 Cumans · India
836
+16
🇲🇴 Chinese · Macao SAR China
810
+17
🇮🇹 Malians · Italy
888
-16
🇨🇳 Magyars · China
836
-15
🇺🇸 Khitans · United States
829
-15
🇪🇸 Cumans · Spain
824
-15
Velox_M_B
0:28 Loom
12:07 Feudal Age
12:50 Double-Bit Axe
13:13 Gold Mining
21:00 Castle Age
19:06 Stone Mining
19:15 Man-at-Arms
20:26 Arson
21:27 Town Watch
22:25 Stone Shaft Mining
22:05 Bow Saw
21:58 Squires
22:41 Pikeman
26:11 Treadmill Crane
27:20 Murder Holes
31:08 Fletching
34:47 Imperial Age
36:02 Conscription
36:37 Wheelbarrow
40:31 Gold Shaft Mining
ChewedGizmo
10:16 Feudal Age
18:53 Castle Age
18:38 Fletching
18:49 Padded Archer Armor
20:28 Forging
20:19 Scale Mail Armor
20:34 Bodkin Arrow
20:47 Scale Barding Armor
20:57 Husbandry
24:13 Thumb Ring
27:13 Double-Bit Axe
28:08 Wheelbarrow
28:33 Ballistics
29:35 Domestication
31:22 Hand Cart
33:06 Caravan
34:55 Bow Saw
38:09 Imperial Age
35:12 Heavy Cavalry Archer
39:21 Parthian Tactics
40:01 Chemistry
39:05 Bracer
39:21 Leather Archer Armor
38:37 Elite Steppe Lancer
39:57 Iron Casting
39:23 Scale Mail Armor
39:46 Chain Barding Armor
老人家手脚慢
11:51 Feudal Age
12:25 Double-Bit Axe
15:38 Horse Collar
18:05 Castle Age
16:07 Stone Mining
16:55 Gold Mining
19:28 Wheelbarrow
19:26 Loom
20:21 Gold Shaft Mining
20:14 Bow Saw
20:06 Heavy Plow
22:07 Loom
26:17 Corvinian Army
27:55 Hand Cart
27:26 Town Watch
30:54 Caravan
31:30 Scale Barding Armor
31:16 Fletching
31:31 Town Patrol
34:48 Chain Barding Armor
36:34 Bodkin Arrow
36:39 Padded Archer Armor
36:53 Masonry
36:23 Treadmill Crane
37:05 Ballistics
39:58 Imperial Age
39:40 Gold Shaft Mining
40:38 Thumb Ring
40:05 Elite Magyar Huszar
40:47 Recurve Bow
42:09 Parthian Tactics
41:05 Heavy Cavalry Archer
41:50 Husbandry
42:35 Conscription
43:47 Chemistry
43:07 Leather Archer Armor
44:23 Hoardings
44:13 Bloodlines
43:25 Light Cavalry
43:54 Arson
48:09 Bracer
48:39 Ring Archer Armor
48:45 Plate Barding Armor
OvertChunk95
1:04 Loom
12:53 Feudal Age
14:39 Horse Collar
17:22 Castle Age
16:05 Double-Bit Axe
19:42 Wheelbarrow
28:05 Imperial Age
25:45 Heavy Plow
26:12 Bow Saw
29:13 Hand Cart
31:10 Town Watch
31:38 Forging
31:34 Scale Barding Armor
31:42 Bloodlines
31:00 Elite Steppe Lancer
31:41 Gold Mining
31:42 Stone Mining
32:32 Crop Rotation
33:38 Gold Shaft Mining
34:15 Two-Man Saw
33:28 Steppe Husbandry
33:50 Conscription
34:08 Iron Casting
33:54 Chain Barding Armor
34:05 Bloodlines
36:00 Blast Furnace
36:53 Caravan
40:36 Plate Barding Armor
40:58 Fletching
45:17 Onager
DOOF
4:56 Loom
10:30 Feudal Age
11:00 Double-Bit Axe
18:30 Castle Age
20:23 Wheelbarrow
20:37 Bow Saw
23:19 Scale Barding Armor
23:46 Husbandry
25:05 Gold Mining
25:46 Hand Cart
25:57 Stone Mining
27:31 Forging
27:15 Town Watch
33:32 Gold Shaft Mining
33:27 Chain Barding Armor
33:42 Iron Casting
36:44 Imperial Age
36:11 Murder Holes
37:10 Cavalier
41:09 Pikeman
44:01 Plate Barding Armor
44:27 Blast Furnace
43:35 Paladin
47:15 Chivalry
Ngaiiii
12:15 Feudal Age
12:56 Horse Collar
13:03 Double-Bit Axe
19:05 Castle Age
17:44 Stone Mining
17:51 Gold Mining
21:19 Bow Saw
22:36 Wheelbarrow
24:20 Hand Cart
26:33 Heavy Plow
27:44 Ballistics
28:18 Gold Shaft Mining
30:37 Imperial Age
29:58 Fletching
31:06 Elite Chu Ko Nu
32:09 Conscription
32:21 Squires
31:41 Pikeman
33:30 Two-Man Saw
33:59 Bodkin Arrow
34:04 Padded Archer Armor
33:43 Halberdier
34:08 Halberdier
38:50 Bracer
39:05 Leather Archer Armor
40:09 Rocketry
40:56 Ring Archer Armor
40:37 Forging
40:27 Scale Mail Armor
43:47 Iron Casting
43:28 Chain Mail Armor
46:15 Blast Furnace
45:55 Caravan
Iluvatar
11:08 Feudal Age
15:11 Castle Age
14:17 Double-Bit Axe
16:22 Loom
18:38 Bow Saw
19:08 Pikeman
22:01 Wheelbarrow
21:38 Horse Collar
26:51 Heavy Plow
26:55 Gold Mining
27:39 Forging
27:31 Scale Mail Armor
30:19 Imperial Age
30:27 Imperial Age
28:22 Hand Cart
27:53 Town Watch
28:12 Stone Mining
29:20 Iron Casting
30:36 Chain Mail Armor
30:29 Scale Barding Armor
32:36 Two-Man Saw
32:42 Blast Furnace
32:13 Plate Mail Armor
32:38 Crop Rotation
32:52 Conscription
31:53 Gothikon
32:06 Elite Varangian Guard
32:54 Squires
32:40 Gambesons
32:41 Arson
33:14 Fortified Wall
35:35 Chain Barding Armor
35:20 Vendel Legacy
35:36 Elite Jarl
36:10 Cavalier
37:02 Bloodlines
36:59 Husbandry
40:54 Plate Barding Armor
48:05 Guilds
47:55 Caravan
RiSHisOm
3:46 Loom
10:42 Feudal Age
11:43 Double-Bit Axe
12:42 Wheelbarrow
12:56 Horse Collar
20:22 Castle Age
18:38 Gold Mining
20:02 Stone Mining
21:23 Bow Saw
21:19 Heavy Plow
25:40 Scale Barding Armor
26:37 Gold Shaft Mining
28:18 Hand Cart
28:31 Chain Barding Armor
32:38 Imperial Age
31:29 Padded Archer Armor
34:44 Crop Rotation
35:18 Two-Man Saw
33:47 Elite Steppe Lancer
35:07 Capped Ram
36:18 Pikeman
36:58 Squires
36:44 Arson
37:37 Plate Barding Armor
37:02 Scale Mail Armor
37:18 Leather Archer Armor
37:57 Fervor
38:13 Halberdier
40:15 Chain Mail Armor
40:11 Forging
Connection lost

Rejoining the realm…

Still unreachable

The connection could not be restored.

Session expired

The server has moved on; the page needs a fresh start.